 Dungeon Crawl Stone Soup version 0.21-a0-531-gacddea6 (webtiles) character file.

3006 slep the Cleaver (level 9, 0/47 HPs)
             Began as a Vine Stalker Gladiator on Dec 14, 2017.
             Was a Believer of Okawaru.
             Slain by a large slime creature (23 damage)
             ... on level 6 of the Dungeon.
             The game lasted 00:20:39 (5221 turns).

slep the Cleaver (Vine Stalker Gladiator)           Turns: 5221, Time: 00:20:39

Health: 0/47       AC: 19    Str: 20    XL:     9   Next: 84%
Magic:  0/10       EV:  9    Int: 15    God:    Okawaru [**....]
Gold:   325        SH:  0    Dex: 16    Spells: 8/8 levels left

rFire    . . .     SeeInvis .   a - +0 war axe
rCold    + . .     Gourm    .   (no shield)
rNeg     . . .     Faith    .   p - +4 chain mail of the Eagle {-Cast +Blink rPois Int+7}
rPois    +         Spirit   +   c - +0 helmet
rElec    .         Reflect  .   (no cloak)
rCorr    .         Harm     .   (no gloves)
MR       +....     NoCast   +   (no boots)
Stlth    ..........             (no amulet)
HPRegen  0.55/turn              r - +5 ring of protection
MPRegen  0.12/turn              E - ring of protection from cold

@: no status effects
A: fangs 3, regeneration 1, magic shield, antimagic bite, no potion heal 3, rot
immunity
a: Heroism, Renounce Religion, Evoke Blink


You were on level 6 of the Dungeon.
You worshipped Okawaru.
Okawaru was pleased with you.
You were hungry.

You visited 2 branches of the dungeon, and saw 7 of its levels.
You also visited: Ossuary.

You collected 355 gold pieces.
You spent 30 gold pieces at shops.

Inventory:

Hand Weapons
 a - a +0 war axe (weapon)
 w - a cursed -2 hunting sling
 y - a +3 hunting sling
 z - a +1 trident of venom
Missiles
 d - 2 throwing nets (quivered)
Armour
 b - a +0 leather armour
 c - a +0 helmet (worn)
 p - the +4 chain mail of the Eagle (worn) {-Cast +Blink rPois Int+7}
   (You found it on level 4 of the Dungeon)

   It affects your intelligence (+7).
   It protects you from poison.
   It lets you blink.
   It prevents spellcasting.
Jewellery
 r - a +5 ring of protection (left hand)
 A - an uncursed ring of poison resistance
 E - a ring of protection from cold (right hand)
Wands
 D - a wand of paralysis (13)
Scrolls
 e - 2 scrolls of fear {unknown}
 h - 3 scrolls of magic mapping {unknown}
 i - 3 scrolls of immolation {unknown}
 j - 12 scrolls of identify {unknown}
 k - a scroll of amnesia {unknown}
 m - 6 scrolls of remove curse {unknown}
 o - 5 scrolls of teleportation
 q - 3 scrolls of enchant weapon {unknown}
 F - a scroll of blinking {unknown}
 H - a scroll of fog {unknown}
Potions
 l - 7 potions of haste {unknown}
 n - 3 potions of degeneration {unknown}
 s - a potion of lignification {unknown}
 t - 3 potions of curing {unknown}
 u - 2 potions of resistance {unknown}
 v - 2 potions of invisibility {unknown}
 B - a potion of mutation {unknown}
 G - a potion of cancellation {unknown}
Comestibles
 f - 7 bread rations
 g - 9 fruits
 x - a royal jelly
 C - a meat ration


   Skills:
 + Level 5.6 Fighting
 + Level 9.7 Axes
 + Level 1.9 Throwing
 + Level 4.3 Armour
 + Level 3.5 Dodging
 + Level 0.1 Stealth


You had 8 spell levels left.
You didn't know any spells.

Dungeon Overview and Level Annotations

Branches:
Dungeon (6/15)             Temple (1/1) D:5

Altars:
Ashenzari
Cheibriados
Dithmenos
Elyvilon
Fedhas
Gozag
Hepliaklqana
Makhleb
Nemelex Xobeh
Okawaru
Qazlal
Ru
Sif Muna
Trog
Uskayaw
Vehumet
Wu Jian
Xom
Yredelemnul
Zin

Shops:
D:6 ?


Innate Abilities, Weirdness & Mutations

You have razor-sharp teeth.
Your natural rate of healing is unusually fast.
When hurt, damage is shared between your health and your magic reserves.
Your bite disrupts and absorbs the magic of your enemies.
Potions cannot restore your health.
You are immune to rotting.


Message History

You hit the ooze. You bite the ooze. You drain its power.
The ooze is heavily wounded.
You slash the ooze!
You kill the ooze!
Okawaru accepts your kill.
You slash the slime creature!
The slime creature is lightly wounded.
The slime creature hits you but does no damage.
You hit the slime creature.
The slime creature is moderately wounded.
A slime creature suddenly becomes a large slime creature.
You hit the large slime creature but do no damage.
You bite the large slime creature. You drain its power.
The large slime creature is lightly wounded.
The large slime creature hits you!!
Ouch! That really hurt!
You barely miss the large slime creature.
The large slime creature is lightly wounded.
The large slime creature hits you!!
You die...

#. #. #. #. #######.
########.......
##########..÷÷..##.......
#####......##JJ.P..P##.).....
#.##.(.....#@#....÷.##.......
##.'........#.#PP÷J..##.......
#..'†)......#.#....J.##...)...
#()'()....#'#.#PPPJJP##...)<..
####..##.....#.#.#..JJ..####..[#.
....(####....#.#.#PPJ...##...#...
###.## #######.##÷...÷(##.......
#(# ### #..###.# #.##########
######### #..# #..


You could see a large slime creature and an ooze.

Vanquished Creatures
  The ghost of Beatriz the Skirmisher, a novice GnAK of Okawaru (Ossuary)
  The ghost of Likado the Stinger, an amateur GnVM (D:4)
  The ghost of Sertorius the Charmwright, an amateur GnSk (D:3)
  Menkaure (Ossuary)
  A sky beast (D:5)
  2 phantoms (D:5)
  2 ogres (D:6)
  5 big kobolds
  A bullfrog (D:5)
  2 troll zombies (Ossuary)
  2 howler monkeys
  2 crimson imps (D:5)
  A hound (D:4)
  A centaur zombie (D:5)
  3 centaur skeletons
  3 orc priests
  7 orc wizards
  Terence (D:2)
  An iguana (D:6)
  3 ogre zombies (Ossuary)
  6 mummies (Ossuary)
  A hound skeleton (D:4)
  2 howler monkey skeletons
  12 gnolls
  7 adders
  A shadow imp (D:5)
  2 oozes (D:6)
  6 adder zombies
  An adder skeleton (D:4)
  3 worms
  3 dart slugs
  5 leopard geckos
  6 orcs
  2 ball pythons
  4 giant cockroaches
  31 goblins
  35 hobgoblins
  4 jackals (D:4)
  A quokka (D:4)
  7 bats
  2 frilled lizards
  6 goblin zombies (Ossuary)
  2 hobgoblin zombies (Ossuary)
  16 kobolds
  2 kobold zombies (Ossuary)
  3 orc zombies (Ossuary)
  4 quokka zombies
  5 rats
  4 rat zombies (Ossuary)
224 creatures vanquished.

Vanquished Creatures (others)
  An adder (D:4)
  2 fungi (D:6)
  8 toadstools (D:6)
11 creatures vanquished.

Grand Total: 235 creatures vanquished

Notes
Turn   | Place    | Note
-------+----------+-------------------------------------------
     0 | D:1      | slep the Vine Stalker Gladiator began the quest for the Orb.
     0 | D:1      | Reached XP level 1. HP: 11/11 MP: 2/2
    89 | D:1      | Reached XP level 2. HP: 7/15 MP: 3/3
   140 | D:1      | Reached skill level 3 in Axes
   324 | D:1      | Reached XP level 3. HP: 13/18 MP: 4/4
   685 | D:4      | Got a garnet-encrusted chain mail
   708 | D:2      | Identified the +4 chain mail of the Eagle {-Cast +Blink rPois Int+7} (You found it on level 4 of the Dungeon)
   781 | D:2      | Gained mutation: Your natural rate of healing is unusually fast. [Vine Stalker growth]
   781 | D:2      | Reached XP level 4. HP: 10/23 MP: 5/5
   821 | D:2      | Noticed Terence
   837 | D:2      | Killed Terence
   918 | D:2      | Reached skill level 4 in Axes
  1081 | D:2      | Reached XP level 5. HP: 27/27 MP: 6/6
  1352 | D:3      | Noticed Sertorius's ghost (amateur GnSk)
  1380 | D:3      | Killed Sertorius's ghost
  1380 | D:3      | Reached skill level 5 in Axes
  1380 | D:3      | Reached skill level 1 in Armour
  1380 | D:3      | Reached XP level 6. HP: 18/32 MP: 7/7
  2242 | D:4      | Noticed Likado's ghost (amateur GnVM)
  2275 | D:4      | Killed Likado's ghost
  2275 | D:4      | Reached XP level 7. HP: 30/36 MP: 8/8
  2418 | D:4      | Reached skill level 6 in Axes
  2445 | D:4      | Found a burning altar of Makhleb.
  2770 | D:4      | Gained mutation: You have razor-sharp teeth. [Vine Stalker growth]
  2770 | D:4      | Reached XP level 8. HP: 2/40 MP: 3/9
  2901 | D:4      | Reached skill level 7 in Axes
  3497 | D:5      | Entered Level 5 of the Dungeon
  3502 | D:5      | Found a staircase to the Ecumenical Temple.
  3508 | Temple   | Entered the Ecumenical Temple
  3595 | Temple   | Became a worshipper of Warmaster Okawaru
  3741 | D:5      | Found a snail-covered altar of Cheibriados.
  3840 | D:5      | Reached skill level 8 in Axes
  3843 | D:5      | Reached * piety under Okawaru
  4174 | D:5      | Found a sand-covered staircase.
  4183 | Ossuary  | Entered an ossuary
  4193 | Ossuary  | Reached XP level 9. HP: 45/46 MP: 10/10
  4436 | Ossuary  | Noticed Beatriz's ghost (novice GnAK)
  4450 | Ossuary  | Killed Beatriz's ghost
  4450 | Ossuary  | Reached skill level 5 in Fighting
  4450 | Ossuary  | Reached skill level 9 in Axes
  4453 | Ossuary  | Noticed Menkaure
  4458 | Ossuary  | Killed Menkaure
  4458 | Ossuary  | Reached ** piety under Okawaru
  4740 | D:6      | Found Oduof's Magic Scroll Shop.
  4744 | D:6      | Bought a scroll of teleportation for 30 gold pieces
  5221 | D:6      | Slain by a large slime creature

Vault maps used:
D:1:      dpeg_arrival_windows_large_door
D:2:      minmay_tetromino_l2, uniq_terence
D:4:      minmay_goblin_kobold_castle, kennysheep_mini, first_bread
D:5:      old_standard_altar, minmay_temple_entry_hall,
          lightli_ossuary_entry_decrepit_ruins, minmay_misc_feat_x
D:6:      cheibrodos_fertilizer, serial_shops, nicolae_shop_trees
Temple:   hc_temple_tempest_star
Ossuary:  ossuary_boxes_badplayer

Skill      XL: |  1  2  3  4  5  6  7  8  9 |
---------------+----------------------------+-----
Fighting       | 2 3 4 5 |  5.6
Axes           | 3 4 5 6 8 9 |  9.7
Dodging        | 3 |  3.5
Armour         | 1 2 3 4 |  4.3
Throwing       | |  1.9
Stealth        | |  0.1

Action                   |  1- 3 |  4- 6 |  7- 9 || total
-------------------------+-------+-------+-------++-------
Melee: War axe           |    79 |   126 |   378 ||   583
       Bite              |    23 |    34 |   134 ||   191
Throw: Throwing net      |       |     1 |       ||     1
  Use: Potion            |       |       |     1 ||     1
  Eat: Chunk             |       |     3 |    11 ||    14
Armor: Leather armour    |    20 |       |       ||    20
       Chain mail        |    16 |   105 |   265 ||   386
Dodge: Dodged            |    45 |    66 |   161 ||   272

Table legend:
 A = Spawn XP
 B = Non-spawn XP
 C = Spawn XP percentage of total XP
 D = Spawn monster count
 E = Non-spawn monster count
 F = Spawn count percentage of total count
 G = Total turns spent on level
                    A         B        C        D         E        F      G
               +---------+---------+-------+---------+---------+-------+---------
         Total |       0 |    4295 |   0.0 |       0 |     225 |   0.0 |  5221
               +---------+---------+-------+---------+---------+-------+---------
           D:1 |       0 |      45 |   0.0 |       0 |      22 |   0.0 |   637
           D:2 |       0 |     154 |   0.0 |       0 |      32 |   0.0 |   612
           D:3 |       0 |     243 |   0.0 |       0 |      10 |   0.0 |   981
           D:4 |       0 |    1070 |   0.0 |       0 |      87 |   0.0 |  1267
           D:5 |       0 |     839 |   0.0 |       0 |      18 |   0.0 |   669
           D:6 |       0 |     786 |   0.0 |       0 |      18 |   0.0 |   513
       Ossuary |       0 |    1158 |   0.0 |       0 |      38 |   0.0 |   440
               +---------+---------+-------+---------+---------+-------+---------
